 Dungeon Crawl Stone Soup version 0.22.1 (webtiles) character file.

19277 n0claF the Markscentaur (level 12, -2/106 HPs)
             Began as a Centaur Hunter on Sept 18, 2018.
             Was a High Priest of Okawaru.
             Shot with an arrow by a centaur (8 damage)
             ... summoned by an orange crystal statue
             ... on level 12 of the Dungeon.
             The game lasted 01:01:41 (23205 turns).

n0claF the Markscentaur (Centaur Hunter)           Turns: 23205, Time: 01:01:42

Health: -2/106     AC: 13    Str: 16      XL:     12   Next: 35%
Magic:  12/12      EV: 10    Int:  6 (10) God:    Okawaru [*****.]
Gold:   650        SH:  0    Dex: 14      Spells: 11/11 levels left

rFire    . . .     SeeInvis .   z - +1 longbow
rCold    + + .     Gourm    .   (shield currently unavailable)
rNeg     . . .     Faith    .   J - +2 chain mail {rC+}
rPois    +         Spirit   .   (helmet restricted)
rElec    .         Reflect  .   (no cloak)
rCorr    .         Harm     .   M - +0 pair of gloves
MR       .....     Clarity  +   (no barding)
Stlth    ..........             (no amulet)
HPRegen  0.27/turn              w - ring of poison resistance
MPRegen  0.13/turn              q - ring of protection from cold

@: very quick
A: large, hooves 3, horns 1, repulsion field 1, slimy green scales 1, clarity,
deformed body, speed 2, tough skin 3
a: Heroism, Finesse, Renounce Religion


You were on level 12 of the Dungeon.
You worshipped Okawaru.
Okawaru was extremely pleased with you.
You were very hungry.

You visited 2 branches of the dungeon, and saw 13 of its levels.
You also visited: Ossuary.

You collected 650 gold pieces.

Inventory:

Hand Weapons
 g - a +1 short sword of venom
   (You took it off a kobold on level 1 of the Dungeon)
 h - a +0 long sword
   (You found it on level 11 of the Dungeon)
 i - a +0 hunting sling of velocity
   (You took it off a goblin on level 3 of the Dungeon)
 z - a +1 longbow (weapon)
   (You found it on level 8 of the Dungeon)
Missiles
 d - 114 arrows (quivered)
 n - 41 sling bullets
 x - 245 stones
Armour
 m - +1 steam dragon scales
   (You found it on level 8 of the Dungeon)
 J - a +2 chain mail of cold resistance (worn)
   (Okawaru gifted it to you on level 11 of the Dungeon)
 M - a +0 pair of gloves (worn)
   (You found it on level 11 of the Dungeon)
Jewellery
 q - a ring of protection from cold (right hand)
   (You took it off a goblin on level 2 of the Dungeon)
 w - a ring of poison resistance (left hand)
   (You found it on level 4 of the Dungeon)
Wands
 c - a wand of disintegration (6) {!d}
   (You found it on level 10 of the Dungeon)
 o - a wand of clouds (5)
   (You found it on level 7 of the Dungeon)
 t - a wand of flame (15)
   (You found it on level 12 of the Dungeon)
 B - a wand of polymorph (18)
   (You took it off Edmund on level 5 of the Dungeon)
 O - a wand of enslavement (3)
   (You found it on level 12 of the Dungeon)
Scrolls
 b - 3 scrolls of immolation {!r}
 k - a scroll of blinking
 l - 8 scrolls of remove curse {@r2}
 r - 5 scrolls of teleportation {@r4}
 y - 3 scrolls of fear
 D - a scroll of magic mapping {unknown}
 F - 2 scrolls of vulnerability {!r}
 L - 4 scrolls of fog
Potions
 f - 3 potions of invisibility
 j - a potion of berserk rage
 p - 4 potions of degeneration {!q!d}
 s - 7 potions of curing {@q1}
 u - a potion of ambrosia
 v - 3 potions of flight
 A - 2 potions of haste {@q3}
 C - a potion of might
 E - a potion of cancellation
 G - a potion of resistance {unknown}
 H - a potion of brilliance {unknown}
 I - a potion of lignification {unknown}
 K - a potion of heal wounds {@q2}
Miscellaneous
 N - a phantom mirror
Comestibles
 e - 12 rations {!d}


   Skills:
 + Level 10.1 Fighting
 - Level 5.6 Slings
 * Level 17.4 Bows
 + Level 2.7 Armour
 + Level 7.7 Dodging
 - Level 0.4 Stealth


You had 11 spell levels left.
You didn't know any spells.
Your spell library contained the following spells:

 Spells                   Type           Power        Failure   Level  Hunger
 Confusing Touch          Hex            #.....       100%        1    ##.....
 Corona                   Hex            #......      100%        1    ##.....
 Infusion                 Chrm           #...         100%        1    ##.....
 Ensorcelled Hibernation  Hex/Ice        #.....       100%        2    ###....
 Shroud of Golubria       Chrm/Tloc      #.........   100%        2    ###....
 Song of Slaying          Chrm           #.......     100%        2    ###....
 Confuse                  Hex            #.......     100%        3    ####...
 Dazzling Spray           Conj/Hex       #.....       100%        3    ####...
 Gell's Gravitas          Tloc           #.........   100%        3    ####...
 Regeneration             Chrm/Necr      #.........   100%        3    ####...
 Spectral Weapon          Hex/Chrm       #.......     100%        3    ####...
 Tukima's Dance           Hex            #.......     100%        3    ####...
 Petrify                  Tmut/Erth      #.......     100%        4    #####..
 Metabolic Englaciation   Hex/Ice        #.........   100%        5    ######.
 Yara's Violent Unravell  Hex/Tmut       #.........   100%        5    ######.


Dungeon Overview and Level Annotations

Branches:
Dungeon (12/15)            Temple (1/1) D:4            Lair (0/6) D:11
    Orc (0/2) D:11

Altars:
Ashenzari
Cheibriados
Dithmenos
Elyvilon
Fedhas
Gozag
Hepliaklqana
Kikubaaqudgha
Makhleb
Nemelex Xobeh
Okawaru
Qazlal
Ru
Sif Muna
Trog
Uskayaw
Vehumet
Wu Jian
Xom
Yredelemnul
Zin
The Shining One

Shops:
D:11 [

Annotations:
D:11 exclusion: oklob plant
D:12 exclusions: obsidian statue and orange crystal statue


Innate Abilities, Weirdness & Mutations

You have hooves in place of feet.
Armour fits poorly on your strangely shaped body.
You cover ground very quickly.
You have extremely tough skin. (AC +3)
You have a pair of small horns on your head.
You are surrounded by a mild repulsion field. (EV +2)
You are partially covered in slimy green scales. (AC +2)
You possess an exceptional clarity of mind.


Message History

The arrow closely misses the orc warrior.
The orc priest invokes the aid of Beogh against you.
Pain shoots through your body!
* * * LOW HITPOINT WARNING * * *
The centaur hits you but does no damage.
Something hits you but does no damage.
The orc warrior hits you with a war axe!
* * * LOW HITPOINT WARNING * * *
The centaur hits you but does no damage.
The centaur wields an uncursed shortbow.
The centaur shoots an arrow.
The arrow hits you.
* * * LOW HITPOINT WARNING * * *
The arrow dissolves into shadows!
The orc priest looks satisfied for a moment.
The centaur shoots an arrow.
The arrow hits you.
* * * LOW HITPOINT WARNING * * *
The arrow dissolves into shadows!
The centaur shoots an arrow.
The arrow hits you.
* * * LOW HITPOINT WARNING * * *
The arrow dissolves into shadows!
There is an open door here.
The centaur shoots an arrow.
The arrow hits you.
* * * LOW HITPOINT WARNING * * *
The arrow dissolves into shadows!
The centaur shoots an arrow.
The arrow hits you!
* * * LOW HITPOINT WARNING * * *
The arrow dissolves into shadows!
There is an open door here.
The centaur shoots an arrow.
The arrow barely misses you.
The arrow dissolves into shadows!
You are too injured to fight recklessly!
Unknown command.
Firing (i - inventory. (/) - cycle)
d - 117 arrows (quivered)
Aim: a centaur, wielding a shortbow (summoned)
You shoot an arrow. The arrow hits the centaur.
The centaur shoots an arrow.
The arrow hits you!
* * * LOW HITPOINT WARNING * * *
The arrow dissolves into shadows!
Firing (i - inventory. (/) - cycle)
d - 116 arrows (quivered)
Aim: a centaur, wielding a shortbow (lightly wounded, summoned)
You shoot an arrow. The arrow barely misses the centaur.
The centaur shoots an arrow.
The arrow misses you.
The arrow dissolves into shadows!
The centaur shoots an arrow.
The arrow hits you but does no damage.
The arrow dissolves into shadows!
Firing (i - inventory. (/) - cycle)
d - 115 arrows (quivered)
Aim: a centaur, wielding a shortbow (lightly wounded, summoned)
You shoot an arrow. The arrow hits the centaur.
The centaur shoots an arrow.
The arrow hits you!
You die...

#.####...####....................
#.# #...>..............#####....
#.# #..........##......# #....
#.# #..........##......# #....
#.# #..................# #....
#.# #..................# #....
#.####..................#####.(..
#........................(.......
#...............@......c.........
#......############'#############
#.###..#.........................
#.# #..#.........................
#.# #..#.........................
#.# #..#.........................
#.###..#.........................
#..^...#.........................
#......#.........................


You could see a centaur.

Vanquished Creatures
  A hydra (D:9)
  3 two-headed ogres
  6 death yaks
  2 unseen horrors
  A deep elf mage (D:12)
  A manticore (D:12)
  A cyclops (D:12)
  A gargoyle (D:10)
  A centaur zombie (D:10)
  A troll (D:10)
  A hornet (D:9)
  A hippogriff (D:8)
  2 dream sheep (D:9)
  Sigmund (D:3)
  A wyvern (D:10)
  20 yaks
  A vampire (D:12)
  Eustachio (D:4)
  A wraith (D:12)
  2 steam dragons
  2 hungry ghosts
  Edmund (D:5)
  2 orc warriors (D:10)
  2 hornet zombies
  A black bear (D:6)
  4 ice beasts
  2 phantoms
  A necrophage (D:10)
  An eye of draining (D:10)
  6 centaurs
  4 big kobolds
  2 bullfrogs
  A gnoll sergeant (D:6)
  A wyvern zombie (D:8)
  2 scorpions (D:5)
  A wyvern skeleton (D:10)
  13 wights
  2 howler monkeys
  3 electric eels (D:11)
  4 crimson imps
  2 bullfrog zombies
  3 quasits
  2 centaur skeletons
  6 hounds
  A jelly (D:9)
  8 orc wizards
  3 orc priests
  A bullfrog skeleton (D:4)
  3 iguanas
  6 worker ants
  A hound zombie (D:6)
  A hound skeleton (D:6)
  15 mummies
  21 adders
  10 gnolls
  3 shadow imps
  An ooze (D:5)
  An adder zombie (D:9)
  2 adder skeletons
  3 worms
  4 dart slugs
  4 leopard geckos
  35 orcs
  6 giant cockroaches
  4 hobgoblins
  3 jackals (D:2)
  10 kobolds
  4 quokkas
  4 bats
  5 frilled lizards
  2 gnoll skeletons (Ossuary)
  10 goblins
  A goblin skeleton (Ossuary)
  2 kobold skeletons (Ossuary)
  A kobold zombie (D:5)
  3 orc skeletons (Ossuary)
  3 orc zombies (D:5)
  A quokka skeleton (D:9)
  A quokka zombie (D:5)
  14 rats
  11 rat skeletons (Ossuary)
325 creatures vanquished.

Notes
Turn   | Place    | Note
-------+----------+-------------------------------------------
     0 | D:1      | n0claF the Centaur Hunter began the quest for the Orb.
     0 | D:1      | Reached XP level 1. HP: 17/17 MP: 1/1
   191 | D:1      | Reached XP level 2. HP: 24/24 MP: 2/2
   691 | D:1      | Reached skill level 6 in Bows
   765 | D:1      | Reached XP level 3. HP: 30/30 MP: 3/3
  1030 | D:2      | Noticed a phantom
  1051 | D:1      | Killed a phantom
  1051 | D:1      | Reached skill level 7 in Bows
  1051 | D:1      | Reached XP level 4. HP: 5/38 MP: 4/4
  1373 | D:1      | Reached XP level 5. HP: 36/45 MP: 5/5
  1445 | D:2      | Found a sacrificial altar of Ru.
  1559 | D:2      | Found a hide-covered altar of Uskayaw.
  1559 | D:2      | Noticed a dagger
  1560 | D:2      | Noticed a dagger
  2645 | D:3      | Reached XP level 6. HP: 38/51 MP: 6/6
  3105 | D:3      | Reached skill level 8 in Bows
  3464 | D:3      | Found a bloodstained altar of Trog.
  3472 | D:3      | Noticed Sigmund
  3482 | D:3      | Killed Sigmund
  3482 | D:3      | Reached skill level 1 in Slings
  3482 | D:3      | Reached XP level 7. HP: 43/59 MP: 7/7
  3664 | D:4      | Noticed Eustachio
  4288 | D:4      | Killed Eustachio
  4288 | D:4      | Reached skill level 9 in Bows
  4554 | D:4      | Found a staircase to the Ecumenical Temple.
  4561 | Temple   | Entered the Ecumenical Temple
  5020 | D:5      | Entered Level 5 of the Dungeon
  5288 | D:5      | Found a blossoming altar of Fedhas.
  5768 | D:5      | Reached XP level 8. HP: 51/67 MP: 8/8
  5892 | D:5      | Reached skill level 10 in Bows
  5942 | D:5      | Reached skill level 5 in Fighting
  6191 | D:5      | Noticed Edmund
  6292 | D:5      | Killed Edmund
  8255 | D:6      | Reached skill level 11 in Bows
  8354 | D:6      | Reached XP level 9. HP: 75/75 MP: 9/9
  8781 | D:7      | Found a radiant altar of Vehumet.
  8782 | D:7      | Found a burning altar of Makhleb.
  8913 | D:7      | Found a glowing golden altar of the Shining One.
  9343 | D:7      | Found a sand-covered staircase.
  9348 | Ossuary  | Entered an ossuary
  9685 | Ossuary  | Reached skill level 5 in Slings
  9845 | D:7      | Found a shimmering altar of Xom.
  9847 | D:7      | Noticed an angel
  9851 | D:7      | Found a glowing silver altar of Zin.
 10421 | D:8      | Found an iron altar of Okawaru.
 10440 | D:8      | Became a worshipper of Warmaster Okawaru
 10447 | D:8      | Reached skill level 12 in Bows
 11228 | D:8      | Reached * piety under Okawaru
 11339 | D:8      | Reached skill level 1 in Armour
 11359 | D:8      | Found a deep blue altar of Sif Muna.
 11515 | D:8      | Found a hazy altar of Hepliaklqana.
 11543 | D:8      | Reached skill level 5 in Dodging
 12270 | D:9      | Reached XP level 10. HP: 84/84 MP: 10/10
 12303 | D:9      | Reached ** piety under Okawaru
 12303 | D:9      | Reached skill level 13 in Bows
 13197 | D:9      | Paralysed by a hornet for 3 turns
 13627 | D:9      | Paralysed by a hornet for 2 turns
 15275 | D:9      | Noticed a three-headed hydra
 15538 | D:9      | Killed a three-headed hydra
 15538 | D:9      | Reached *** piety under Okawaru
 15538 | D:9      | Reached skill level 14 in Bows
 16012 | D:10     | Entered Level 10 of the Dungeon
 16062 | D:10     | Noticed a two-headed ogre
 16082 | D:10     | HP: 3/88 [something (5)]
 16086 | D:10     | HP: 1/88 [something (2)]
 16525 | D:10     | Received a gift from Okawaru
 16557 | D:10     | Noticed a two-headed ogre
 16583 | D:10     | Killed a two-headed ogre
 16681 | D:10     | Killed an unseen horror
 16681 | D:10     | Reached **** piety under Okawaru
 16715 | D:10     | Killed a two-headed ogre
 16715 | D:10     | Reached skill level 15 in Bows
 16715 | D:10     | Reached XP level 11. HP: 35/95 MP: 11/11
 17113 | D:10     | Received a gift from Okawaru
 17851 | D:11     | Found a staircase to the Orcish Mines.
 17881 | D:11     | Noticed a death yak
 17883 | D:11     | Noticed a death yak
 17888 | D:11     | Noticed a death yak
 17946 | D:10     | Killed a death yak
 17946 | D:10     | Received a gift from Okawaru
 18170 | D:11     | Found a shadowy altar of Dithmenos.
 18170 | D:11     | Noticed an oklob plant
 18413 | D:11     | Found a staircase to the Lair.
 18463 | D:11     | Noticed a death yak
 18469 | D:11     | Noticed a death yak
 18522 | D:11     | Killed a death yak
 18803 | D:11     | Killed a death yak
 19015 | D:11     | Reached ***** piety under Okawaru
 19015 | D:11     | Reached skill level 16 in Bows
 19129 | D:11     | Killed a death yak
 19312 | D:11     | Killed a death yak
 20106 | D:11     | Killed an unseen horror
 20106 | D:11     | Received a gift from Okawaru
 20332 | D:11     | Noticed a death yak
 20557 | D:11     | Killed a death yak
 20578 | D:11     | Reached XP level 12. HP: 50/106 MP: 12/12
 21137 | D:11     | Noticed a two-headed ogre
 21145 | D:11     | Killed a two-headed ogre
 21145 | D:11     | Reached skill level 17 in Bows
 21300 | D:11     | Found Finis's Antique Armour Shoppe.
 21340 | D:11     | Gained mutation: You are partially covered in slimy green
                  | scales. (AC +2) [potion of mutation]
 21340 | D:11     | Gained mutation: You have a pair of small horns on your
                  | head. [potion of mutation]
 21340 | D:11     | Gained mutation: You possess an exceptional clarity of
                  | mind. [potion of mutation]
 21340 | D:11     | Gained mutation: You are surrounded by a mild repulsion
                  | field. (EV +2) [potion of mutation]
 21594 | D:12     | Found a bloodstained altar of Trog.
 21853 | D:12     | Reached skill level 10 in Fighting
 23196 | D:12     | HP: 5/106 [centaur/arrow[an orange crystal statue] (12)]
 23205 | D:12     | Shot with an arrow by a centaur

Skill      XL: |  1  2  3  4  5  6  7  8  9 10 11 12 |
---------------+-------------------------------------+-----
Bows           | 6 7 8 9 11 12 15 16 17 | 17.4
Fighting       | 3 4 5 6 8 9 10 | 10.1
Dodging        | 2 3 4 5 6 7 |  7.7
Slings         | 1 3 4 5 |  5.6
Armour         | 1 2 |  2.7
Stealth        | |  0.4

Action                   |  1- 3 |  4- 6 |  7- 9 | 10-12 || total
-------------------------+-------+-------+-------+-------++-------
Melee: Short sword       |     6 |   133 |    86 |    16 ||   241
       Kick              |     2 |    28 |    26 |     5 ||    61
       Spear             |       |       |    41 |       ||    41
 Fire: Shortbow          |    73 |       |   378 |       ||   451
       Hunting sling     |       |    33 |   148 |    65 ||   246
       Longbow           |       |       |    38 |   581 ||   619
Throw: Stone             |       |       |       |    12 ||    12
Invok: Heroism           |       |       |       |     1 ||     1
  Use: Scroll            |       |       |    16 |    12 ||    28
       Potion            |       |       |     3 |     5 ||     8
 Stab: Paralysed         |       |     1 |       |       ||     1
  Eat: Chunk             |       |     6 |     9 |     8 ||    23
       Ration            |       |       |     4 |     6 ||    10
Armor: Leather armour    |    11 |    61 |    97 |       ||   169
       Skin              |       |       |     5 |       ||     5
       Steam dragon scal |       |       |    12 |    43 ||    55
       Chain mail        |       |       |       |    53 ||    53
Dodge: Dodged            |    17 |    73 |   213 |   168 ||   471
